Cogmind - Beta 15 @@@ ROGUE MODE // 2025.07.05 @ 15:09:45 Player: Leif Result: Destroyed by G-47 Trooper with Particle Gun Performance ------------- Evolutions (3) 1500 Regions Visited (7) 1400 Robots Destroyed (18) 90 Value Destroyed (515) 515 Prototype IDs (1) 20 Alien Tech Used (0) 0 Bonus (291) 291 TOTAL SCORE: 3816 Bonus ------- Follower Combat Kills 91 Entered Garrisons 200 Cogmind --------- Core Integrity 0/700 Matter 213/300 Energy 98/100 System Corruption 3% Temperature Cool (9) Movement Core (50) Location -7/Garrison Parts ------- > --- POWER (2) -------- (None) > --- PROPULSION (4) --- (None) > --- UTILITY (3) ------ (None) > --- WEAPON (4) ------- (None) > --- INVENTORY (5) ---- Light Nuclear Core Peak State ------------ > --- POWER ------------ Light Ion Engine Light Quantum Reactor > --- PROPULSION ------- Light Treads Light Treads > --- UTILITY ---------- Splice Drone Bay > --- WEAPON ----------- Flak Cannon Flak Cannon Flak Cannon Flak Cannon > --- INVENTORY -------- Light Nuclear Core [Rating: 31] Favorites ----------- Power Light Ion Engine Engine Light Ion Engine Reactor Light Quantum Reactor Propulsion Light Treads Treads Light Treads Leg Aluminum Leg Wheel Compact Wheel Utility Small Storage Unit Device Splice Drone Bay Storage Small Storage Unit Weapon Flak Cannon Energy Gun Medium Laser Ballistic Cannon Flak Cannon Special Weapon Mining Laser Build | -11 -10 -10 -9 -9 -8 -7 -7 ------- Run | Yrd Mat Min Mat Min Mat Fac Gar Slots Evolved 6 | . . . 2 . 2 2 . Power 1 | . . . . . . 1 . Propulsion 2 | . . . 1 . 1 . . Utility 1 | . . . . . . 1 . Weapon 2 | . . . 1 . 1 . . Parts Attached 19 | 5 2 3 . 4 4 . 1 Power 3 | . 1 . . 1 . . 1 Engine 2 | . 1 . . 1 . . . Core . | . . . . . . . . Reactor 1 | . . . . . . . 1 Propulsion 6 | 2 . 2 . 2 . . . Treads 2 | . . . . 2 . . . Leg 2 | . . 2 . . . . . Wheel 2 | 2 . . . . . . . Hover . | . . . . . . . . Flight . | . . . . . . . . Utility 2 | 1 . . . 1 . . . Device 1 | . . . . 1 . . . Storage 1 | 1 . . . . . . . Processor . | . . . . . . . . Hackware . | . . . . . . . . Protection . | . . . . . . . . Artifact . | . . . . . . . . Weapon 8 | 2 1 1 . . 4 . . Energy Gun 3 | 2 1 . . . . . . Energy Cannon . | . . . . . . . . Ballistic Gun . | . . . . . . . . Ballistic Cannon 4 | . . . . . 4 . . Launcher . | . . . . . . . . Special Weapon 1 | . . 1 . . . . . Impact Weapon . | . . . . . . . . Slashing Weapon . | . . . . . . . . Piercing Weapon . | . . . . . . . . Special Melee Weapon . | . . . . . . . . Unidentified Prototypes 1 | . . . . 1 . . . Parts Lost 17 | . 6 . 2 . . . 9 Power 3 | . 1 . . . . . 2 Propulsion 5 | . 2 . 1 . . . 2 Utility 1 | . . . . . . . 1 Weapon 8 | . 3 . 1 . . . 4 Highest Loss Streak 9 | . 5 . 2 . . . 9 To Critical Strikes . | . . . . . . . . Average Backups 2 | 4 5 4 4 3 1 1 1 Power 1 | 1 1 2 2 1 1 1 1 Propulsion 1 | 2 4 2 2 1 . . . Utility . | . . . . . . . . Weapon . | . . . . . . . . Tool/Special . | . . . . . . . . Unused Backups 1 | . . . . . . . 1 Power 1 | . . . . . . . 1 Propulsion . | . . . . . . . . Utility . | . . . . . . . . Weapon . | . . . . . . . . Tool/Special . | . . . . . . . . Average Slot Usage (%) 48 | . 79 40 41 1 66 61 40 Engine 4 | . 12 . . . 9 7 4 Treads 6 | . . . . . 18 15 9 Leg 6 | . . 26 20 . . . . Wheel 3 | . 26 . . . . . . Device 3 | . . . . . 9 7 3 Storage 5 | . 14 14 10 . . . . Energy Gun 3 | . 25 . . . . . . Ballistic Cannon 12 | . . . . . 30 30 18 Special Weapon 2 | . . . 9 . . . . Peak Build Rating 31 | 5 6 4 4 10 22 22 31 Average Rating 10 | 3 5 3 3 1 20 22 17 On Entrance 8 | . 5 1 4 . 10 22 22 Naked Turns 217 | . . . 13 125 . . 79 Heaviest Build 50 | 9 14 6 6 11 35 35 50 Greatest Support 40 | 32 32 20 20 40 40 40 40 Greatest Overweight (x) 2 | . 1 . . 2 . . 1 Average Overweight (x) . | . . . . . . . . Largest Inventory Capacity 8 | 8 8 8 8 5 5 5 5 Average Capacity 6 | 6 8 8 7 5 5 5 5 Most Carried 7 | 7 6 5 4 5 5 1 2 Average Carried 2 | 4 5 4 4 3 1 1 1 Final Capacity 8 | 8 8 8 5 5 5 5 5 Final Carried 7 | 7 6 4 4 1 1 1 1 Class Distribution -------------------- 65% | Mutant 34% | Gunner Dominant Class ---------------- Mutant | -10/Materials Mutant | -10/Mines Mutant | -9/Materials Mutant | -9/Mines Gunner | -8/Materials Gunner | -7/Factory Gunner | -7/Garrison Resources | -11 -10 -10 -9 -9 -8 -7 -7 ----------- Run | Yrd Mat Min Mat Min Mat Fac Gar Matter Collected 433 | 203 62 . 30 . 119 . 19 Remotely . | . . . . . . . . Salvage Created 401 | . 130 . 50 . 202 . 19 Parts 20 | . 9 . 1 . 10 . . Haulers Intercepted . | . . . . . . . . Recyclers Shooed . | . . . . . . . . Parts Field Recycled . | . . . . . . . . Retrieved Matter . | . . . . . . . . Parts Self-Destructed . | . . . . . . . . Prevented . | . . . . . . . . Kills | -11 -10 -10 -9 -9 -8 -7 -7 ------- Run | Yrd Mat Min Mat Min Mat Fac Gar Combat Hostiles Destroyed 17 | . 3 . 2 . 11 . 1 Melee 1 | . . . . . . . 1 Guns 3 | . 3 . . . . . . Cannons 12 | . . . 2 . 10 . . AOE 1 | . . . . . 1 . . Classes Destroyed 6 | . 1 . 1 . 3 . 1 Worker 1 | . . . . . 1 . . Swarmer 7 | . . . . . 7 . . Grunt 7 | . 3 . 1 . 3 . . Brawler 1 | . . . 1 . . . . Duelist 1 | . . . . . . . 1 Sentry 1 | . . . . . 1 . . Best Kill Streak 9 | . 3 . 1 . 9 . 1 Combat Bots Only 8 | . 3 . 1 . 8 . 1 Max Kills in Single Turn 2 | . 1 . 1 . 2 . 1 Gunslinging . | . . . . . . . . Exploded 1 | . . . . . 1 . . Melee 1 | . . . . . . . 1 Uniques/NPCs Destroyed . | . . . . . . . . Combat | -11 -10 -10 -9 -9 -8 -7 -7 -------- Run | Yrd Mat Min Mat Min Mat Fac Gar Hostile Shots Fired 298 | . 60 . 60 . 44 . 134 Missed 84 | . 14 . 23 . 10 . 37 Hits 214 | . 46 . 37 . 34 . 97 Melee 4 | . . . 3 . . . 1 Projectile 210 | . 46 . 34 . 34 . 96 Critical Strikes 7 | . . . 2 . 1 . 4 Damage Taken 3059 | . 542 . 492 . 470 . 1555 Core 1213 | . 186 . 280 . 32 . 715 Absorbed by Shields . | . . . . . . . . Core Remaining (%) 62 | 100 . 25 . 30 94 . . Volleys Fired 42 | . 19 . 8 . 11 . 4 Largest 4 | . 2 . 1 . 4 . 4 Hottest 148 | . 90 . 100 . 148 . 148 Shots Fired 95 | . 33 . 8 . 44 . 10 Gun 33 | . 33 . . . . . . Cannon 54 | . . . . . 44 . 10 Launcher . | . . . . . . . . Special 8 | . . . 8 . . . . Kinetic 54 | . . . . . 44 . 10 Thermal 33 | . 25 . 8 . . . . Explosive . | . . . . . . . . Electromagnetic 8 | . 8 . . . . . . Robot Hit Streak 6 | . 6 . 1 . 4 . 5 Robot Miss Streak 28 | . 3 . 4 . 28 . 13 Penetration Max . | . . . . . . . . Secondary Targets 1 | . 1 . . . . . . Max Gunslinging Chain 1 | . 1 . . . . . . Shots Hit Robots 50 | . 18 . 3 . 22 . 7 Core Hits 54 | . 8 . 2 . 35 . 9 Critical Kills . | . . . . . . . . Critical Parts Destroyed . | . . . . . . . . Critical Strikes . | . . . . . . . . Melee Attacks . | . . . . . . . . Impact . | . . . . . . . . Slashing . | . . . . . . . . Piercing . | . . . . . . . . Sneak Attacks . | . . . . . . . . Combat Hostiles . | . . . . . . . . Follow-up Attacks . | . . . . . . . . Damage Inflicted 1185 | . 231 . 72 . 678 . 204 Guns 229 | . 229 . . . . . . Cannons 545 | . . . . . 436 . 109 Explosions 242 | . . . . . 242 . . Melee . | . . . . . . . . Ramming 97 | . 2 . . . . . 95 Kinetic 545 | . . . . . 436 . 109 Thermal 460 | . 146 . 72 . 242 . . Explosive . | . . . . . . . . Electromagnetic 83 | . 83 . . . . . . Impact . | . . . . . . . . Slashing . | . . . . . . . . Piercing . | . . . . . . . . Highest Corruption 3 | . . . . . . . 3 Average Corruption 2 | . . . . . . . 2 Corruption Purged . | . . . . . . . . Corruption Blocked . | . . . . . . . . Effects 1 | . . . . . . . 1 Heat Flow Errors 1 | . . . . . . . 1 Overload Shots . | . . . . . . . . Overflow Damage . | . . . . . . . . Projectiles . | . . . . . . . . Explosions . | . . . . . . . . Melee . | . . . . . . . . Knockbacks 22 | . . . . . 18 . 4 Impact . | . . . . . . . . Kinetic 20 | . . . . . 16 . 4 Secondary 2 | . . . . . 2 . . Self-Inflicted Damage 80 | . 1 . . . 56 . 23 Shots 1 | . . . . . 1 . . Rammed 39 | . 1 . . . . . 38 Targets Rammed 40 | . 1 . . . . . 39 Kicked . | . . . . . . . . Crushed 1 | . . . . . . . 1 Highest Temperature 320 | . 320 . 3 . 318 . 228 Average Temperature 116 | . 130 . 3 . 124 . 97 Received Heat Transfer 1548 | . 300 . 159 . 153 . 936 Siege Activations . | . . . . . . . . Martial Activations . | . . . . . . . . Shielding Activations . | . . . . . . . . Robots Disrupted . | . . . . . . . . Combat Hostiles . | . . . . . . . . Robots Corrupted . | . . . . . . . . Combat Hostiles . | . . . . . . . . Parts Fried . | . . . . . . . . Impact Corruptions . | . . . . . . . . Robots Melted . | . . . . . . . . Combat Hostiles . | . . . . . . . . Parts Melted 2 | . 2 . . . . . . Heat Transferred 696 | . 396 . 150 . 150 . . Parts Sabotaged . | . . . . . . . . Parts Stolen . | . . . . . . . . Parts Stripped . | . . . . . . . . Power Chain Reactions . | . . . . . . . . Alert | -11 -10 -10 -9 -9 -8 -7 -7 ------- Run | Yrd Mat Min Mat Min Mat Fac Gar Maximum Alert Level 1 | . . . . . 1 . . Low Security (%) 94 | 100 100 100 100 100 77 100 100 Level 1 5 | . . . . . 22 . . Level 2 . | . . . . . . . . Level 3 . | . . . . . . . . Level 4 . | . . . . . . . . Level 5 . | . . . . . . . . High Security . | . . . . . . . . Max Security . | . . . . . . . . Peak Influence 258 | . 55 . 66 . 258 98 108 Initial 98 | . . . . . . 98 78 Average 36 | . 19 . 19 . 73 98 59 Influence Increases 592 | . 85 . 141 . 308 14 44 Destroy 0b10 Robot/C 400 | . 60 . 100 . 220 . 20 Destroy 0b10 Robot/NC 10 | . . . 5 . 5 . . Destroy Leader 90 | . 10 . 30 . 40 . 10 Allied During Kill 5 | . . . 5 . . . . Successful Hack 28 | . . . . . . 14 14 Disable Machine 30 | . . . . . 30 . . Destroy Structure 14 | . . . 1 . 13 . . Partial Spotted 15 | . 15 . . . . . . Influence Decreases 560 | . 85 . 141 . 90 120 124 Entered New Map 154 | . . . . . . 120 34 Time Decay 271 | . 60 . 121 . 90 . . Lost Part 135 | . 25 . 20 . . . 90 Squads Dispatched 2 | . . . . . 2 . . Investigation . | . . . . . . . . Extermination . | . . . . . . . . Reinforcement 2 | . . . . . 2 . . Assault . | . . . . . . . . Garrison . | . . . . . . . . Intercept . | . . . . . . . . Searches Triggered . | . . . . . . . . Construction Impeded . | . . . . . . . . Haulers Reinforced . | . . . . . . . . Active Scanning Responses . | . . . . . . . . Cargo Convoy Interrupts . | . . . . . . . . Stealth | -11 -10 -10 -9 -9 -8 -7 -7 --------- Run | Yrd Mat Min Mat Min Mat Fac Gar Distress Signals 3 | . . . 3 . . . . Communications Jammed . | . . . . . . . . Distress Signals . | . . . . . . . . Times Spotted 50 | . 7 . 18 . 15 . 10 Peak Tracking Total 9 | . 4 . 9 . 5 . 8 Tactical Retreats . | . . . . . . . . Traps | -11 -10 -10 -9 -9 -8 -7 -7 ------- Run | Yrd Mat Min Mat Min Mat Fac Gar Traps Triggered . | . . . . . . . . Indirectly . | . . . . . . . . Trap Hack Attempts . | . . . . . . . . Triggered . | . . . . . . . . Disarmed . | . . . . . . . . Reprogrammed . | . . . . . . . . Reused . | . . . . . . . . Traps Extracted . | . . . . . . . . Installed . | . . . . . . . . Triggered . | . . . . . . . . Machines | -11 -10 -10 -9 -9 -8 -7 -7 ---------- Run | Yrd Mat Min Mat Min Mat Fac Gar Machines Disabled 2 | . . . . . 2 . . Max in Single Turn 2 | . . . . . 2 . . Machines Repaired . | . . . . . . . . Machines Dismantled . | . . . . . . . . Machines Sabotaged . | . . . . . . . . Overloaded Fab Kills . | . . . . . . . . Hacking | -11 -10 -10 -9 -9 -8 -7 -7 --------- Run | Yrd Mat Min Mat Min Mat Fac Gar Machines Accessed 5 | . 1 . 1 1 . 1 1 Terminals 3 | . 1 . 1 . . . 1 Fabricators . | . . . . . . . . Repair Stations . | . . . . . . . . Recycling Units . | . . . . . . . . Scanalyzers . | . . . . . . . . Garrison Access 1 | . . . . . . 1 . Total Hacks 9 | . 3 . 3 1 . 1 1 Successful 5 | . 1 . 1 1 . 1 1 Failed 4 | . 2 . 2 . . . . Catastrophic 1 | . . . 1 . . . . Database Lockouts . | . . . . . . . . Manual 3 | . . . 3 . . . . Terminals 7 | . 3 . 3 . . . 1 Fabricators . | . . . . . . . . Repair Stations . | . . . . . . . . Recycling Units . | . . . . . . . . Scanalyzers . | . . . . . . . . Garrison Access 1 | . . . . . . 1 . Terminal Hacks 4 | . 1 . 1 1 . . 1 Open Door 1 | . . . . 1 . . . Emergency Access Points 1 | . . . . . . . 1 Alert Level 1 | . 1 . . . . . . Locate Traps 1 | . . . 1 . . . . Fabricator Hacks . | . . . . . . . . Repair Station Hacks . | . . . . . . . . Recycling Unit Hacks . | . . . . . . . . Scanalyzer . | . . . . . . . . Garrison Access Hacks 1 | . . . . . . 1 . Unlock Access 1 | . . . . . . 1 . Unauthorized Hacks . | . . . . . . . . Terminals . | . . . . . . . . Fabricators . | . . . . . . . . Repair Stations . | . . . . . . . . Recycling Units . | . . . . . . . . Scanalyzers . | . . . . . . . . Garrison Access . | . . . . . . . . Data Cores Recovered 1 | . . . 1 . . . . Used . | . . . . . . . . Hacking Detections 4 | . 1 . 1 . . 1 1 Full Trace Events . | . . . . . . . . Feedback Events . | . . . . . . . . Feedback Blocked . | . . . . . . . . Robot Schematics Acquired . | . . . . . . . . Robots Built . | . . . . . . . . Authchips . | . . . . . . . . Time . | . . . . . . . . Total Robot Build Rating . | . . . . . . . . Part Schematics Acquired . | . . . . . . . . Parts Built . | . . . . . . . . Authchips . | . . . . . . . . Time . | . . . . . . . . Total Part Build Rating . | . . . . . . . . Parts Repaired . | . . . . . . . . Time . | . . . . . . . . Parts Recycled . | . . . . . . . . Recycled Matter . | . . . . . . . . Retrieved Matter . | . . . . . . . . Retrieved Components . | . . . . . . . . Parts Scanalyzed . | . . . . . . . . Part Schematics Acquired . | . . . . . . . . Parts Damaged . | . . . . . . . . Bothacking | -11 -10 -10 -9 -9 -8 -7 -7 ------------ Run | Yrd Mat Min Mat Min Mat Fac Gar Used RIF Installer . | . . . . . . . . Robots Hacked . | . . . . . . . . Non-combat . | . . . . . . . . Combat . | . . . . . . . . Robot Hacks Applied . | . . . . . . . . Relay Couplers Released . | . . . . . . . . Fabnet Peak Effective % . | . . . . . . . . Robots Rewired . | . . . . . . . . Allies Hacked . | . . . . . . . . Hacks Repelled . | . . . . . . . . Allies | -11 -10 -10 -9 -9 -8 -7 -7 -------- Run | Yrd Mat Min Mat Min Mat Fac Gar Total Allies 1 | . . 1 . . . . . Largest Group 1 | . . 1 1 . . . . Highest-Rated Group 31 | . . 31 31 . . . . Highest-Rated Ally 31 | . . 31 31 . . . . Total Orders . | . . . . . . . . Ally Attacks 9 | . . . 9 . . . . Total Damage 125 | . . . 125 . . . . Kills 4 | . . . 4 . . . . Allies Corrupted . | . . . . . . . . Allies Melted . | . . . . . . . . Intel | -11 -10 -10 -9 -9 -8 -7 -7 ------- Run | Yrd Mat Min Mat Min Mat Fac Gar Active Infowar (turns) . | . . . . . . . . Robot Analysis Total . | . . . . . . . . Derelict Logs Recovered . | . . . . . . . . Drone Launches . | . . . . . . . . Drone Recoveries . | . . . . . . . . Exploration | -11 -10 -10 -9 -9 -8 -7 -7 ------------- Run | Yrd Mat Min Mat Min Mat Fac Gar Turns Passed 1451 | 79 175 64 367 142 375 13 236 Spaces Moved 1037 | 66 93 32 270 206 196 8 166 Core 368 | 19 5 . 27 201 . . 116 Treads 259 | . . . . 5 196 8 50 Legs 275 | . . 32 243 . . . . Wheels 135 | 47 88 . . . . . . Hover . | . . . . . . . . Flight . | . . . . . . . . Fastest Speed 50 | 50 100 120 50 50 160 160 50 Average Speed 105 | 85 100 120 113 55 160 160 95 Slowest Speed 240 | 100 100 120 120 160 160 160 240 Overloaded Moves . | . . . . . . . . Propulsion Burnouts . | . . . . . . . . Robots Hopped . | . . . . . . . . Potential Cave-ins . | . . . . . . . . Cave-ins Triggered . | . . . . . . . . Exploration Rate (%) 27 | 4 21 19 25 56 32 . 33 Regions Visited 7 Branch Regions 2 Pre-discovered Areas 1 | . . . . 1 . . . Known Exits Taken 1 | . . . . . . 1 . Unknown Exits Taken 6 | 1 1 1 1 1 1 . . Scrap Searched 1 | . . . . 1 . . . Spaces Dug . | . . . . . . . . Terrain Destroyed 12 | . . . 1 . 11 . . Melee . | . . . . . . . . Projectile 1 | . . . 1 . . . . AOE 11 | . . . . . 11 . . Terrain Rammed . | . . . . . . . . Walls Destroyed . | . . . . . . . . Machines Disabled . | . . . . . . . . Actions | -11 -10 -10 -9 -9 -8 -7 -7 --------- Run | Yrd Mat Min Mat Min Mat Fac Gar Total 1279 | 88 142 57 308 235 230 8 211 Wait 125 | 6 27 22 29 25 16 . . Move 1031 | 65 92 31 269 205 195 8 166 Hop . | . . . . . . . . Pick Up 20 | 12 1 1 . 1 4 . 1 Fast Attach . | . . . . . . . . Attach 19 | 5 2 3 . 4 4 . 1 Detach . | . . . . . . . . Swap . | . . . . . . . . Drop 2 | . . . 2 . . . . Fire 42 | . 19 . 8 . 11 . 4 Melee . | . . . . . . . . Ram 23 | . 1 . . . . . 22 Kick . | . . . . . . . . Crush 17 | . . . . . . . 17 Escape Stasis . | . . . . . . . . Rewire . | . . . . . . . . Trap . | . . . . . . . . Miscellaneous . | . . . . . . . . Route ------- -11/Scrapyard -10/Materials -10/Mines -9/Materials -9/Mines (discovered 2 exits: [*Mat x2]) -8/Materials (discovered 2 exits: *Fac x2) -7/Factory -7/Garrison History --------- Turn | Location | Event 4 | -11/Scrapyard | Discovered new exit (range 15) 80 | -11/Scrapyard | Entered Materials 206 | -10/Materials | Discovered new exit (range 14) 247 | -10/Materials | Core integrity fell below 50% 255 | -10/Materials | Entered Mines 273 | -10/Mines | Discovered new exit (range 9) 282 | -10/Mines | Lost 5 parts (1p2n2w) 284 | -10/Mines | Received a Mining Laser from a helpful Derelict 315 | -10/Mines | Build established: Mutant 319 | -10/Mines | Entered Materials 319 | -9/Materials | Accompanied by 1 ally 319 | -9/Materials | Evolved 2 slots: Propulsion x1, Weapon x1 680 | -9/Materials | Core integrity fell below 50% 681 | -9/Materials | Discovered new exit (range 11) 686 | -9/Materials | Entered Mines 716 | -9/Mines | Met a Derelict bent on vengeance 718 | -9/Mines | Learned location of Storage (-8) 802 | -9/Mines | Discovered new exit (range 10) 806 | -9/Mines | Discovered new exit (range 12) 808 | -9/Mines | Found the Drone Emporium 810 | -9/Mines | Found Prototype Device 811 | -9/Mines | Identified Splice Drone Bay 828 | -9/Mines | Entered Materials 828 | -8/Materials | Evolved 2 slots: Propulsion x1, Weapon x1 1025 | -8/Materials | Discovered new exit (range 16) 1142 | -8/Materials | Destroyed 8 combat bots 1166 | -8/Materials | Build established: Gunner 1184 | -8/Materials | Discovered new exit (range 7) 1203 | -8/Materials | Entered Factory 1203 | -7/Factory | Evolved 2 slots: Power x1, Utility x1 1216 | -7/Factory | Identified exit to Garrison 1216 | -7/Factory | Entered Garrison 1387 | -7/Garrison | Core integrity fell below 50% 1404 | -7/Garrison | Lost 9 parts (2p2n1u4w) 1410 | -7/Garrison | Triggered checkpoint 1427 | -7/Garrison | Core integrity fell below 20% 1446 | -7/Garrison | Triggered checkpoint 1450 | -7/Garrison | Triggered checkpoint 1452 | -7/Garrison | Destroyed by G-47 Trooper with Particle Gun Last Messages --------------- 01373_ Lgt. Quantum Reactor destroyed. 01375_ Slammed into G-47 Trooper. 01380_ Critical hit (Burn: +37). 01380_ Slammed into G-47 Trooper. 01389_ Destabilizing: System corrupted (+2). 01390_ Slammed into G-47 Trooper. 01390_ G-47 Trooper suffers critical hit (Burn). 01391_ Slammed into G-47 Trooper. 01393_ System corrupted: Heat flow error (+253). 01410_ Beams of light sweep through the air. An alarm sounds. 01411_ Critical hit (Burn: +37). 01425_ Slammed into G-47 Trooper. 01425_ Destabilizing: System corrupted (+1). 01426_ Slammed into G-47 Trooper. 01440_ Connecting with Garrison Terminal... >>Access(Emergency) Found 39 emergency access points. Map updated. 01446_ Beams of light sweep through the air. An alarm sounds. 01451_ G-47 Trooper destroyed. Map ----- +----------------------------------------------------+ | ?????????????????????????????????????????????????? | | ?????????????++??????????????????????????????????? | | ?????????????????????????????????????????????????? | | ?????????????++??????????????????????????????????? | | ?????????????????????????????????????????????????? | | ?????????????????????????????????????????????????? | | ?????????????????????????????????????????????????? | | ?????????????????????????????????????????????????? | | ?????????????????????????????????????????????????? | | ?????????????????????????????????????????????????? | | ?????????????????????????????????????????????????? | | ?????????????????????????????????????????????????? | | ?????????????????????????????????????????????????? | | ?????????????????????????????????????????????????? | | ??????????????????????????????????++?????????????? | | ?????????????????????????????????????????????????? | | ???????????????+?????????????????????????????????? | | ???????????????+?????????????????????????????????? | | ?????????????????????????????????????????????????? | | ?????????????????????????????????????????????????? | | ?????????????????????????????????????????????????? | | ?????????????????????????????????????????????????? | | ?????????????????????????????????????????????????? | | ???????????#?????????????????????????????????????? | | ???????????# ###+#####++##""""## ##???????????? | | ???????????# @ #???????????? | | ???????????# ????????? | | ???????????# ????????? | | ???????????#######+#### ## ## ###?????????? | | ?????????????????# #### ## ## #???????????? | | ?????????????????# +%g "???????????? | | ?????????????????#### "???????????? | | ?#####??????????????+g "???????????? | | ## #??????????????# ^ "???????????? | | # ##??????????????### gg## ## #???????????? | | # #??????##+######## ## ## ###?????????? | | # #??????# ????+?? | | # ####??????# ????+?? | | ! !#????????# #####+## ##??????????? | | ! !#????????# T#?????## ## ######???????????? | | # ##????????# ##??????# #? #????????????????? | | # #?????????# +???????# #?#+###????????????????? | | # #?????????# #???????+ #??????????????????????? | | # #########?# #???????# #??????????????????????? | | # + + #?# #???????# #??????????????????????? | | #+##### ### #####+### #??????????????????????? | | +??????????????????????? | | #??????????????????????? | | ####### ### ############????????????+?????????? | | ??????# #?# #?????????????????????????????????? | +----------------------------------------------------+ Best States ------------- Heat Dissipation 34 Energy Generation 30 Energy Capacity 250 Matter Stores 300 Matter Capacity 300 Sight Range 16 Terrain Scan Density 10 Evasion (%) 55 Recoil Reduction 2 Item Schematics ----------------- None Robot Schematics ------------------ None Fabricated ------------ Nothing Repaired ---------- Nothing Alien Tech Used ----------------- None Achievements -------------- None Challenges ------------ None Game ------ Seed ClaymoresRecoilBlade Manual? 0 Play Time 00:15:03 Cumulative 57.7 hours Start 2025.07.05 @ 14:56:16 End 2025.07.05 @ 15:09:45 Sessions 1 Manual Loads 0 Difficulty Rogue Special Mode None Game No. 142 Rogue 142 Adventurer 0 Explorer 0 Win Type - Total 1 Types 1/0/0/0/0/0/0/0/0/0 Lore% 22 Gallery% 39 Achievement% 35 Wizard Run 0 Options --------- Layout 0 ASCII 0 Keyboard 0 Movement Mouse Keybinds 0 Fullscreen 2 Font 18/SmallcapsGlow Map View 76x50 Zoom Use 0% Tactical HUD 1 Map Filters NONE Filters NONE Steam 1 RUN: 27b79cfd-5d1b-4e95-9e29-a25e3cab1794